 Dungeon Crawl Stone Soup version 0.28-a0-1227-ga9037bb4c8 (webtiles) character file.

Game seed: 12382004361156069282

101 chunkyMonkey the Skirmisher (level 4, -2/36 HPs)
             Began as a Mummy Cinder Acolyte on Dec 22, 2021.
             Was a High Priest of Ignis.
             Splashed by a jelly's acid (8 damage)
             ... on level 3 of the Dungeon.
             The game lasted 00:04:07 (3086 turns).

chunkyMonkey the Skirmisher (Mummy Cinder Acolyte)  Turns: 3086, Time: 00:04:08

Health: -2/36      AC: -1    Str: 19    XL:     4   Next: 48%
Magic:  7/7        EV:  6    Int: 13    God:    Ignis [*****.]
Gold:   53         SH:  8    Dex:  7    Spells: 7/7 levels left

rFire   . . .      SeeInvis .   f - +2 dagger (venom)
rCold   + . .      Faith    .   e - +2 kite shield
rNeg    + + +      Spirit   .   d - +0 scale mail
rPois   ∞          Reflect  .   (no helmet)
rElec   .          Harm     .   (no cloak)
rCorr   .          Rampage  .   (no gloves)
Will    .....                   (no boots)
Stlth   ..........              (no amulet)
HPRegen 0.12/turn               (no ring)
MPRegen 0.10/turn               (no ring)

@: corroded
A: cold resistance 1, negative energy resistance 3, torment resistance 2, heat
vulnerability 1, no potions
a: Renounce Religion, Fiery Armour, Foxfire Swarm, Rising Flame


You were on level 3 of the Dungeon.
You worshipped Ignis.
Ignis was extremely pleased with you.
You visited 1 branch of the dungeon, and saw 3 of its levels.

You collected 53 gold pieces.

Inventory:

Hand Weapons
 a - a -1 hand axe of flaming
 c - a +2 vampiric short sword
 f - a +2 dagger of venom (weapon)
Armour
 b - a +0 robe
 d - a +0 scale mail (worn)
 e - a +2 kite shield (worn)
Scrolls
 g - a scroll of vulnerability {unknown}
 h - 3 scrolls of identify {unknown}
 i - a scroll of fog {unknown}
 j - a scroll of enchant weapon {unknown}


   Skills:
 * Level 3.6 Fighting
 - Level 0.4 Short Blades
 * Level 2.7 Axes
 * Level 1.0 Armour
 + Level 0.7 Dodging
 * Level 0.6 Shields
 * Level 2.2 Spellcasting
 + Level 2.7 Fire Magic


You had 7 spell levels left.
You didn't know any spells.
Your spell library contained the following spells:

 Spells                   Type           Power      Damage    Failure   Level
 Scorch                   Fire           16%        2d6       94%         2
 Cause Fear               Hex            0%         N/A       100%        4
 Dragon's Call            Summ           0%         N/A       100%        9
 Dragon Form              Tmut           Unusable   N/A       N/A         7

Dungeon Overview and Level Annotations

Branches:
Dungeon (3/15)

Altars:


Innate Abilities, Weirdness & Mutations

You are immune to poison.
Your flesh is cold resistant. (rC+)
You are immune to negative energy. (rN+++)
You are immune to unholy pain and torment.
You are vulnerable to heat. (rF-)
You do not drink.


Message History

There is an open door here.
There is a stone staircase leading down here.
You see here a +0 dagger.
Found a stone staircase leading up.
You now have 53 gold pieces (gained 10).
Done exploring.
Done exploring.
Done exploring.
There is a stone staircase leading down here.
You climb downwards.
There is a stone staircase leading up here.
A jelly comes into view.
The jelly quivers.
A jelly is nearby!
A jelly is nearby!
The jelly hits you but does no damage.
You hit the jelly.
Your hands burn!
The jelly is lightly wounded.
The jelly jiggles.
The jelly closely misses you.
You barely miss the jelly.
The jelly is lightly wounded.
The jelly barely misses you.
You hit the jelly.
Your hands burn!
The jelly is moderately wounded.
You block the jelly's attack.
You hit the jelly.
The jelly is poisoned.
Your hands burn!
The jelly is heavily wounded.
The jelly hits you but does no damage. The jelly hits you.
The acid corrodes you!
You are splashed with acid!
You barely miss the jelly.
The jelly is heavily wounded.
The jelly hits you.
You are splashed with acid!
You hit the jelly.
Your hands burn!
* * * LOW HITPOINT WARNING * * *
The jelly is almost dead.
The jelly hits you.
* * * LOW HITPOINT WARNING * * *
The acid corrodes you!
You are splashed with acid!
You die...

#### ..###########
#J##........#
######@##.<......#
#......#.........#
#.######....######
#...............
#......#....####
#......#....#
#...........#
#..#.....####
#..#........


You could see a jelly (very poisoned).

Vanquished Creatures
  4 adders (D:2)
  A worm (D:2)
  A dart slug (D:1)
  An orc (D:2)
  2 ball pythons
  3 endoplasms
  5 giant cockroaches
  6 goblins
  6 hobgoblins
  6 kobolds (D:1)
  4 quokkas
  8 bats
  2 frilled lizards
  4 rats
53 creatures vanquished.

Vanquished Creatures (others)
  4 toadstools (D:1)
4 creatures vanquished.

Grand Total: 57 creatures vanquished

Notes
Turn   | Place    | Note
-------+----------+-------------------------------------------
     0 | D:1      | chunkyMonkey the Mummy Cinder Acolyte began the quest for
                  | the Orb.
     0 | D:1      | Reached XP level 1. HP: 18/18 MP: 2/2
   403 | D:1      | Reached XP level 2. HP: 24/24 MP: 4/4
   801 | D:1      | Reached XP level 3. HP: 29/29 MP: 5/5
  1967 | D:2      | Found a faded altar of an unknown god.
  2105 | D:2      | Reached XP level 4. HP: 34/35 MP: 5/7
  2228 | D:2      | Reached skill level 1 in Armour
  3086 | D:3      | Splashed by a jelly's acid

Illustrated notes

Levels and vault maps discovered:
D:1:      ldierk_walled_garden_2, layout_basic
D:2:      layout_basic, hellmonk_ecumenical_altar_prayer_group
D:3:      layout_basic, nicolae_wormholes, uniq_robin

Skill      XL: |  1  2  3  4 |
---------------+-------------+-----
Spellcasting   | 2 |  2.2
Armour         | 1 |  1.0
Fighting       | |  3.6
Short Blades   | |  0.4
Axes           | |  2.7
Dodging        | |  0.7
Shields        | |  0.6
Fire Magic     | |  2.7

Action                   |  1- 3 |  4- 6 || total
-------------------------+-------+-------++-------
Melee: Hand axe          |    15 |       ||    15
       Short sword       |    53 |       ||    53
       Dagger            |    83 |    30 ||   113
Armor: Scale mail        |    82 |    12 ||    94
       Robe              |     1 |       ||     1
Dodge: Dodged            |    57 |     7 ||    64
Block: Kite shield       |    37 |    11 ||    48

Table legend: (Time is in decaauts)
 A = Elapsed time spent in this place.
 B = Non-inter-level travel time spent in this place.
 C = Inter-level travel time spent in this place.
 D = Time resting spent in this place.
 E = Time spent auto-exploring this place.
 F = Levels seen in this place.
 G = Mean time per level.
                   A        B        C        D        E       F      G
               +--------+--------+--------+--------+--------+-----+--------+
         Total |   3127 |   3024 |    103 |    672 |   1927 |   3 | 1042.3 |
       Dungeon |   3127 |   3024 |    103 |    672 |   1927 |   3 | 1042.3 |
               +--------+--------+--------+--------+--------+-----+--------+

Top non-repeatable levels by time:
     D:2: 1640 daAuts
     D:1: 1459 daAuts
     D:3: 28 daAuts
